 Dungeon Crawl Stone Soup version 0.30-a0-578-gdee14c521f (webtiles) character file.

Game seed: 11192246796440092183

649 PyroL the Changer (level 7, -10/45 HPs)
             Began as an Octopode Transmuter on Dec 31, 2022.
             Was an Initiate of Gozag.
             Mangled by a yak (15 damage)
             ... on level 5 of the Dungeon.
             The game lasted 00:11:32 (4839 turns).

PyroL the Changer (Octopode Transmuter)             Turns: 4839, Time: 00:11:32

Health: -10/45     AC: -6    Str: 10    XL:     7   Next: 53%
Magic:  8/10       EV: 20    Int: 17    God:    Gozag
Gold:   391        SH:  0    Dex: 17    Spells: 4/10 levels left

rFire   + . .      SeeInvis .      - Unarmed
rCold   . . .      Faith    .    (shield currently unavailable)
rNeg    . . .      Spirit   .    (helmet currently unavailable)
rPois   .          Reflect  .    k - amulet of regeneration
rElec   .          Harm     .    d - ring of protection from fire
rCorr   .          Rampage  .    g - ring of poison resistance
Will    .....                    t - ring of wizardry
Stlth   ++                       (no ring)
HPRegen 1.07/turn                (no ring)
MPRegen 0.12/turn                (no ring)
                                 (no ring)
                                 (no ring)

@: spider-form, corroded
A: venomous fangs, almost no armour, (amphibious), 8 rings, tiny, (camouflage
1), (gelatinous body 1), (nimble swimmer 1), (tentacles)
a: End Transformation, Renounce Religion, Potion Petition, Call Merchant, Bribe
Branch


You were on level 5 of the Dungeon.
You worshipped Gozag.
Gozag was aware of your devotion.
You were a venomous arachnid creature.
You visited 2 branches of the dungeon, and saw 7 of its levels.

You collected 435 gold pieces.
You paid 44 gold pieces to Gozag.

Inventory:

Missiles
 s - 4 poisoned darts
Jewellery
 d - a ring of protection from fire (left front leg)
 g - a ring of poison resistance (right front leg)
 i - an amulet of faith
 k - an amulet of regeneration (around neck)
 t - a ring of wizardry (on tentacle)
Scrolls
 c - 2 scrolls of blinking
 h - a scroll of vulnerability
 j - 2 scrolls of teleportation
 q - 2 scrolls of enchant armour
 u - a scroll of enchant weapon {unknown}
 v - a scroll of magic mapping {unknown}
 w - a scroll of immolation {unknown}
Potions
 a - a potion of might
 b - a potion of berserk rage
 e - 2 potions of degeneration
 f - 3 potions of curing
 l - a potion of haste
 m - a potion of invisibility
 n - a potion of attraction {unknown}
 o - 3 potions of flight
 p - a potion of brilliance {unknown}
 r - a potion of cancellation
 x - a potion of resistance {unknown}


   Skills:
 + Level 2.9 Fighting
 + Level 3.4 Dodging
 - Level 5.0 Unarmed Combat
 - Level 2.0 Spellcasting
 - Level 5.0 Transmutations
 - Level 3.0 Poison Magic


You had 4 spell levels left.
You knew the following spells:

 Your Spells              Type           Power      Damage    Failure   Level
a - Beastly Appendage     Tmut           36%        N/A       4%          1
b - Wereblood             Tmut           18%        N/A       4%          2
c - Spider Form           Tmut/Pois      15%        N/A       11%         3

Your spell library contained the following spells:

 Spells                   Type           Power      Damage    Failure   Level
 Magic Dart               Conj           4%         1d3       16%         1
 Necrotise                Necr           4%         1d4       16%         1
 Slow                     Hex            4%         N/A       16%         1
 Searing Ray              Conj           2%         2d4       22%         2
 Confusing Touch          Hex            1%         N/A       38%         3
 Inner Flame              Hex/Fire       1%         N/A       38%         3
 Vampiric Draining        Necr           1%         2d6       38%         3
 Ice Form                 Ice/Tmut       10%        N/A       43%         4
 Flame Wave               Conj/Fire      1%         2d4       71%         4
 Fulminant Prism          Conj/Hex       0%         3d5       71%         4
 Sticky Flame             Conj/Fire      1%         2d3       71%         4
 Agony                    Necr           1%         N/A       95%         5


Dungeon Overview and Level Annotations

Branches:
Dungeon (6/15)             Temple (1/1) D:5

Altars:
Cheibriados
Elyvilon
Fedhas
Gozag
Hepliaklqana
Kikubaaqudgha
Makhleb
Okawaru
Qazlal
Ru
Sif Muna
Trog
Uskayaw
Vehumet
Wu Jian
Xom
Zin
The Shining One

Shops:
D:2 *:[*   D:4 [

Annotations:
D:5 exclusion: ogre, Grinder


Innate Abilities, Weirdness & Mutations

You are a venomous arachnid creature.
You have poisonous fangs.
You are tiny and dextrous.
Your spellcasting is less reliable in this form.
Your armour is entirely melded.
You are incapable of wielding weapons or throwing items.
You cannot wear most types of armour.
((You are amphibious.))
You can wear up to eight rings at the same time.
((Your skin changes colour to match your surroundings (Stealth+).))
((Your rubbery body absorbs attacks. (AC +1, EV +1)))
((You are camouflaged when in or above water. (Stealth+)))
((You have tentacles for arms and can constrict up to eight enemies at once.))


Message History

You barely miss the hound.
The hound is severely wounded.
You kill the hound!
You now have 391 gold pieces (gained 6).
You start resting.
Your transformation is almost over.
Magic restored.
There is a stone staircase leading down here.
You start waiting.
Your transformation has ended.
Casting: Spider Form (dangerous; 4% risk of failure)
Confirm with . or Enter, or press ? or * to list all spells.
You turn into a venomous arachnid creature.
You climb downwards.
The yak gores you! The jelly misses you. The jelly completely misses you.
The yak completely misses you.
There is a stone staircase leading up here.
The yak misses you. The jelly hits you. The acid corrodes you!
You are splashed with acid!
* * * LOW HITPOINT WARNING * * *
You climb upwards.
Level annotation: exclusion: ogre, Grinder
There is a stone staircase leading down here.
You hit the yak but do no damage.
The yak is poisoned.
The yak barely misses you. The jelly barely misses you.
You hit the yak.
The yak is lightly wounded.
The jelly hits you.
* * * LOW HITPOINT WARNING * * *
The acid corrodes you!
You are splashed with acid.
* * * LOW HITPOINT WARNING * * *
The yak misses you.
You hit the yak.
The yak is moderately wounded.
The jelly hits you.
* * * LOW HITPOINT WARNING * * *
You are splashed with acid!
* * * LOW HITPOINT WARNING * * *
The yak gores you!
You die...
Your body crumbles into a pile of gold.

###............
#..............
###.#............
##...#..........$.
#.)###............
#.#...............
#[#...............
#J#...............
#s................
#Y#...######.####.
#.#...# #... #.
#.#...# ##.##.
#.###.# .##.
##.###.######## ##.
##.............. #.
#......#############
#...................


You could see a yak (very poisoned) and a jelly.

Vanquished Creatures
  An ogre (D:4)
  A scorpion (D:4)
  A necrophage (D:5)
  2 hounds
  A jelly (D:4)
  2 orc priests (D:5)
  3 iguanas
  12 adders
  3 gnolls (D:2)
  A shadow imp (D:4)
  A worm (D:2)
  2 dart slugs
  8 orcs
  7 endoplasms
  2 giant cockroaches
  7 goblins
  5 hobgoblins
  5 jackals
  2 quokkas
  4 ball pythons
  3 bats
  A frilled lizard (D:2)
  6 kobolds
  5 rats
85 creatures vanquished.

Notes
Turn   | Place    | Note
-------+----------+-------------------------------------------
     0 | D:1      | PyroL the Octopode Transmuter began the quest for the Orb.
     0 | D:1      | Reached XP level 1. HP: 13/13 MP: 3/3
     8 | D:1      | Found a faded altar of an unknown god.
    94 | D:1      | Reached skill level 1 in Poison Magic
   316 | D:1      | Reached XP level 2. HP: 18/18 MP: 3/5
   368 | D:1      | Learned a level 2 spell: Wereblood
  1083 | D:2      | Reached XP level 3. HP: 23/23 MP: 6/6
  1764 | D:2      | Reached XP level 4. HP: 23/28 MP: 3/7
  1986 | D:2      | Found Qoufiam's Book Emporium.
  2082 | D:2      | Found Fipnirgh's Antique Armour Boutique.
  2224 | D:2      | Found Siafiniem's General Store.
  2331 | D:2      | Found Ziujua's Assorted Antiques.
  2924 | D:3      | You fall into a shaft and drop 2 floors!
  2924 | D:5      | Entered Level 5 of the Dungeon
  2937 | D:5      | Reached XP level 5. HP: 33/33 MP: 4/8
  2989 | D:5      | Reached skill level 5 in Transmutations
  2991 | D:5      | Noticed Grinder
  3001 | D:5      | Noticed an ogre
  3020 | D:5      | Learned a level 3 spell: Spider Form
  3050 | D:5      | Noticed an ogre
  3088 | D:5      | Found a staircase to the Ecumenical Temple.
  3094 | Temple   | Entered the Ecumenical Temple
  3108 | Temple   | Became a worshipper of Gozag Ym Sagoz the Greedy
  3514 | D:4      | Noticed an ogre
  3647 | D:4      | Reached XP level 6. HP: 26/38 MP: 9/9
  3686 | D:4      | Found Suledakh's Antique Armour Shop.
  3855 | D:4      | Reached skill level 5 in Unarmed Combat
  4098 | D:4      | Reached XP level 7. HP: 43/43 MP: 6/10
  4801 | D:6      | Noticed a yak
  4839 | D:5      | Mangled by a yak

Illustrated notes

Levels and vault maps discovered:
D:1:      dreamdust_arrival_beginning_and_end, layout_basic,
          ebering_ecumenical_altar_abandoned, item_on_display_a
D:2:      layout_loops_corners, serial_shops, nicolae_square_shop, shop, shop,
          nicolae_shop_hallway_stairs
D:3:      layout_rooms
D:4:      minmay_opposing_rooms, layout_loops_cross, kennysheep_small_circle
D:5:      layout_basic, minmay_temple_entry_hall, uniq_grinder
D:6:      layout_gridville, serial_shops,
          nicolae_shop_temple_entry_statues_fountains,
          ebering_ghost_reflecting_pool, minmay_manual_mess, uniq_pikel,
          uniq_sigmund
Temple:   compressed_dpeg_circular_temple

Skill      XL: |  1  2  3  4  5  6  7 |
---------------+----------------------+-----
Poison Magic   | 1 2 3 |  3.0
Transmutations | 3 4 5 |  5.0
Unarmed Combat | 5 |  5.0
Fighting       | 2 |  2.9
Dodging        | 3 |  3.4
Spellcasting   | |  2.0

Action                   |  1- 3 |  4- 6 |  7- 9 || total
-------------------------+-------+-------+-------++-------
Melee: Unarmed           |    65 |   130 |    60 ||   255
       Constrict         |    17 |    19 |     1 ||    37
       Kick              |    13 |    26 |       ||    39
       Tentacles         |     6 |    20 |       ||    26
       Punch             |     1 |     1 |       ||     2
 Cast: Beastly Appendage |    18 |    25 |       ||    43
       Wereblood         |     1 |     4 |     2 ||     7
       Spider Form       |       |     9 |     9 ||    18
  Use: Potion            |     3 |       |       ||     3
       Scroll            |     3 |     7 |     2 ||    12
 Stab: Sleeping          |     2 |     7 |       ||     9
Armor: Skin              |    13 |     3 |     6 ||    22
Dodge: Dodged            |    33 |    69 |    47 ||   149

Table legend: (Time is in decaauts)
 A = Elapsed time spent in this place.
 B = Non-inter-level travel time spent in this place.
 C = Inter-level travel time spent in this place.
 D = Time resting spent in this place.
 E = Time spent auto-exploring this place.
 F = Levels seen in this place.
 G = Mean time per level.
                   A        B        C        D        E       F      G
               +--------+--------+--------+--------+--------+-----+--------+
         Total |   4820 |   4604 |    216 |    445 |   3180 |   7 |  688.6 |
       Dungeon |   4694 |   4515 |    179 |    445 |   3120 |   6 |  782.3 |
        Temple |    125 |     88 |     37 |      0 |     60 |   1 |  125.0 |
               +--------+--------+--------+--------+--------+-----+--------+

Top non-repeatable levels by time:
     D:2: 1543 daAuts
     D:4: 1037 daAuts
     D:1: 1025 daAuts
     D:5: 605 daAuts
     D:3: 468 daAuts
  Temple: 125 daAuts
     D:6: 14 daAuts
